Match 34429103
Unlisted

Match 34429103
End
Vickers Machine Gun Team
Construct Section Command Post
Selects Australian Defense Battlegroup
Selects Australian Light Infantry Section
Australian Light Infantry Section
Australian Light Infantry Section
Australian Light Infantry Section
Construct Platoon Command Post
Unlock M3 Stuart Light Tanks
Selects 2-pounder Anti-tank Gun Team
2-pounder Anti-tank Gun Team
M3 Stuart Light Tank
Australian Light Infantry Section
Construct Company Command Post
Selects Vehicle Over Repair
Unlock M3 Grant Medium Tanks
Selects CMP 15cwt Supply Run
CMP 15cwt Supply Run
Selects Reinforced Resource Caches
M3 Grant Medium Tank
6-pounder Anti-tank Gun Team
M3 Grant Medium Tank
CMP 15cwt Supply Run
M3 Grant Medium Tank
Foot Guards Section
Selects Charged Creeping Barrage
Charged Creeping Barrage
M3 Grant Medium Tank
Charged Creeping Barrage
M3 Grant Medium Tank
Severn
Zorg
Microsoft Outlook
deadsadbadmad
0
0

Comments sign in to comment!

No comments posted yet!